 Dungeon Crawl Stone Soup version 0.21-a0-260-g9b2435e (webtiles) character file.

140 Ijustatesigmund the Skirmisher (level 5, -3/57 HPs)
             Began as an Octopode Fighter on Sept 7, 2017.
             Slain by an iguana (6 damage)
             ... on level 3 of the Dungeon.
             The game lasted 00:03:38 (1547 turns).

Ijustatesigmund the Skirmisher (Octopode Fighter)   Turns: 1547, Time: 00:03:40

Health: -3/57      AC: 22    Str: 15    XL:     5   Next: 23%
Magic:  5/5        EV:  2    Int: 10    God:
Gold:   100        SH:  9    Dex: 13    Spells: 4/4 levels left

rFire    . . .     SeeInvis .   a - +0 flail
rCold    . . .     Gourm    .   b - +1 shield
rNeg     + + +     Faith    .   (helmet currently unavailable)
rPois    +         Spirit   .   (no amulet)
rElec    .         Reflect  .   e - ring of positive energy
rCorr    .         Harm     .   (no ring)
MR       .....     NoTele   +   (no ring)
Stlth    +.........             (no ring)
HPRegen  0.19/turn              (no ring)
MPRegen  0.09/turn              (no ring)
                                (no ring)
                                (no ring)

@: tree-form, drained
A: almost no armour, stealthy swim, (amphibious), 8 rings, (constrict 8)
a: no special abilities


You were on level 3 of the Dungeon.
You were very hungry.
You were a tree.
You visited 1 branch of the dungeon, and saw 3 of its levels.

You collected 100 gold pieces.

Inventory:

Hand Weapons
 a - a +0 flail (weapon)
Armour
 b - a +1 shield (worn)
Jewellery
 e - a ring of positive energy (left branch)
Potions
 c - a potion of might
 i - 2 potions of lignification
 j - a potion of heal wounds {unknown}
 m - 2 potions of ambrosia {unknown}
Comestibles
 d - 2 bread rations
 f - 2 fruits
 k - a royal jelly


   Skills:
 + Level 4.5(4.2) Fighting
 + Level 3.9(3.6) Maces & Flails
 - Level 3.0(2.7) Dodging
 - Level 3.0(2.7) Shields


You had 4 spell levels left.
You didn't know any spells.

Dungeon Overview and Level Annotations

Branches:
Dungeon (3/15)

Altars:

Annotations:
D:3 Sigmund


Innate Abilities, Weirdness & Mutations

You cannot wear most types of armour.
You are very stealthy in the water. (Stealth+)
((You are amphibious.))
You can wear up to eight rings at the same time.
((You can use your tentacles to constrict eight enemies at once.))
((Your skin changes colour to match your surroundings (Stealth+).))
((Your rubbery body absorbs attacks. (AC +1, EV +1)))


Message History

The orc hits you with a flail of draining.
You partially resist.
You feel drained.
The kobold shoots a poisoned needle.
The poisoned needle closely misses you.
You hit Sigmund.
Sigmund is heavily wounded.
You constrict Sigmund.
The orc hits you with a flail of draining!
* * * LOW HITPOINT WARNING * * *
You partially resist.
You feel drained.
* * * LOW HITPOINT WARNING * * *
Sigmund points at you and mumbles some strange words.
The puff of flame hits you!
* * * LOW HITPOINT WARNING * * *
It was a potion of lignification.
You turn into a tree.
Your roots penetrate the ground.
You lose your grip on Sigmund.
Sigmund gestures at you while chanting. The magic dart hits you!
The kobold shoots a poisoned needle.
The poisoned needle hits you. The orc hits you but does no damage.
The iguana bites you.
You die...

##.?....##....#
..<...........# .
#....<......# #.#.
#............ #....
#............ ##....#
##...........
.......######.....######
......K.....o@....#
.<....##.##†♣....##
............l.#..########
......†.†................
......#...)†.###........#
..#............#.........
...###..#####...........
... #.## ###)........ ..
#.# ##.......# . #..
#.......#


You could see Sigmund, an iguana, an orc and a kobold.

Vanquished Creatures
  5 gnolls
  2 adders
  A worm (D:3)
  4 dart slugs
  A leopard gecko (D:3)
  An orc (D:3)
  A giant cockroach (D:3)
  9 goblins
  8 hobgoblins
  2 jackals (D:3)
  2 quokkas (D:2)
  A ball python (D:1)
  6 bats
  2 frilled lizards
  12 kobolds
  5 rats
62 creatures vanquished.

Notes
Turn   | Place    | Note
-------+----------+-------------------------------------------
     0 | D:1      | Ijustatesigmund the Octopode Fighter began the quest for the Orb.
     0 | D:1      | Reached XP level 1. HP: 16/16 MP: 1/1
   185 | D:1      | Reached XP level 2. HP: 17/21 MP: 2/2
   503 | D:1      | Reached XP level 3. HP: 23/26 MP: 3/3
   959 | D:2      | Reached XP level 4. HP: 22/33 MP: 4/4
   980 | D:2      | Reached skill level 4 in Fighting
  1455 | D:2      | Reached XP level 5. HP: 38/38 MP: 5/5
  1539 | D:3      | Noticed Sigmund
  1547 | D:3      | Slain by an iguana

Vault maps used:
D:1:      dpeg_arrival_simpleton_c
D:2:      minmay_heptomino_l4
D:3:      first_bread, uniq_terence, uniq_sigmund

Skill      XL: |  1  2  3  4 |
---------------+-------------+-----
Maces & Flails | 3 |  3.9
Fighting       | 4 |  4.5
Dodging        | |  3.0
Shields        | |  3.0

Action                   |  1- 3 |  4- 6 || total
-------------------------+-------+-------++-------
Melee: Flail             |    64 |    41 ||   105
       Constrict         |    19 |    15 ||    34
       Tentacles         |    15 |     6 ||    21
  Use: Scroll            |     3 |     3 ||     6
       Potion            |       |     3 ||     3
 Stab: Sleeping          |     6 |     4 ||    10
       Invisible         |       |     2 ||     2
  Eat: Chunk             |       |     1 ||     1
Armor: Skin              |     3 |     3 ||     6
Dodge: Dodged            |    23 |    21 ||    44
Block: Shield            |    15 |    13 ||    28

Table legend:
 A = Spawn XP
 B = Non-spawn XP
 C = Spawn XP percentage of total XP
 D = Spawn monster count
 E = Non-spawn monster count
 F = Spawn count percentage of total count
 G = Total turns spent on level
                    A         B        C        D         E        F      G
               +---------+---------+-------+---------+---------+-------+---------
         Total |       0 |     201 |   0.0 |       0 |      62 |   0.0 |  1547
               +---------+---------+-------+---------+---------+-------+---------
           D:1 |       0 |      55 |   0.0 |       0 |      24 |   0.0 |   717
           D:2 |       0 |     113 |   0.0 |       0 |      28 |   0.0 |   777
           D:3 |       0 |      33 |   0.0 |       0 |      10 |   0.0 |    53
               +---------+---------+-------+---------+---------+-------+---------
